AoeStats
← Rapis94

Arabia

507998865Analyzed
2v2 RM · 13d ago on Sep 20, 2026· 37m 12s· 4 players
Game mode
Random Map
Map size
Medium (4 player)
Population
200
Speed
Normal
Resources
Standard
Victory
Conquest
Starting age
Dark Age
Ending age
Imperial Age
RankedLock teamsTeams togetherTeam positionsShared explorationLock speedFull tech treeHidden civsTurbo modeCheats
Victory
Defeat
🇬🇧 Koreans · United Kingdom
1100
+16
🇬🇧 Khitans · United Kingdom
1085
+16
🇺🇾 Inca · Uruguay
1103
-16
🇦🇷 Jurchens · Argentina
1100
-16
callummitchell7511
7:30 Loom
10:03 Feudal Age
10:44 Double-Bit Axe
12:53 Forging
19:39 Castle Age
17:39 Domestication
18:18 Fletching
18:48 Town Watch
18:56 Gold Mining
20:00 Padded Archer Armor
22:34 Bodkin Arrow
24:04 Ballistics
23:52 Pastoralism
25:14 Heavy Cavalry Archer
27:28 Wheelbarrow
28:31 Thumb Ring
30:35 Bow Saw
35:48 Imperial Age
33:35 Hand Cart
35:40 Scale Barding Armor
36:11 Iron Casting
35:52 Leather Archer Armor
37:06 Bracer
kyleanderson041199
7:13 Loom
10:10 Feudal Age
11:33 Man-at-Arms
20:46 Town Watch
24:44 Castle Age
24:46 Crossbowman
26:22 Fletching
27:04 Light Cavalry
28:19 Husbandry
36:17 Forging
36:12 Scale Barding Armor
37:40 Iron Casting
Gastâo
6:53 Loom
9:27 Feudal Age
10:06 Double-Bit Axe
10:50 Horse Collar
14:59 Town Watch
22:11 Castle Age
22:18 Forging
22:34 Fletching
22:17 Light Cavalry
24:49 Bodkin Arrow
25:41 Padded Archer Armor
26:40 Elite Skirmisher
31:21 Wheelbarrow
33:39 Leather Archer Armor
34:53 Scale Mail Armor
Rapis94
9:58 Feudal Age
10:36 Loom
10:53 Champi Runner
15:49 Arson
28:13 Castle Age
30:07 Champi Warrior
30:51 Squires
31:05 Fletching
31:15 Padded Archer Armor
31:18 Scale Mail Armor
Connection lost

Rejoining the realm…

Still unreachable

The connection could not be restored.

Session expired

The server has moved on; the page needs a fresh start.